 Dungeon Crawl Stone Soup version 0.20-a0-672-gd6c3c51 (webtiles) character file.

42565 Chiseanne the Acrobat (level 13, -4/72 HPs)
             Began as a Spriggan Gladiator on Feb 17, 2017.
             Was an Initiate of Gozag.
             Slain by a dire elephant (27 damage)
             ... on level 6 of the Lair of Beasts.
             The game lasted 00:56:50 (23160 turns).

Chiseanne the Acrobat (Spriggan Gladiator)         Turns: 23160, Time: 00:56:50

Health: -4/72      AC:  6    Str: 10    XL:     13   Next: 86%
Magic:  0/14       EV: 39    Int: 10    God:    Gozag
Gold:   1106       SH:  0    Dex: 22    Spells: 11/12 levels left

rFire    + . .     SeeInvis +   a - +9 long sword (slice)
rCold    + . .     Gourm    .   m - +2 robe {rF+}
rNeg     . . .     Faith    .   (shield restricted)
rPois    .         Spirit   +   c - +2 hat
rElec    .         Reflect  .   (no cloak)
rCorr    .         Harm     .   (gloves unavailable)
MR       ++...                  (boots unavailable)
Stlth    +++.......             U - amulet of guardian spirit
Regen    0.3/turn               W - ring of protection from cold
MPRegen  0.2/turn               H - ring of stealth

@: very slightly contaminated, hasted, invisible, very quick
A: unfitting armour, see invisible, herbivore 3, speed 3, slow metabolism 2
a: Potion Petition, Call Merchant, Bribe Branch, Renounce Religion


You were on level 6 of the Lair of Beasts.
You worshipped Gozag.
Gozag was most pleased with you.
You were not hungry.

You visited 3 branches of the dungeon, and saw 20 of its levels.
You also visited: Sewer.

You collected 4513 gold pieces.
You spent 21 gold pieces at shops.
You paid 3386 gold pieces to Gozag.

Inventory:

Hand Weapons
 a - a +9 long sword of slicing (weapon)
 d - a +0 falchion of flaming
 s - a +1 flail of protection
Missiles
 h - 551 stones (quivered)
 k - 177 bolts
 p - 138 sling bullets
 q - 3 curare-tipped needles
 F - 15 tomahawks
 K - 6 needles of frenzy
 M - 44 poisoned needles
 Z - 10 throwing nets
Armour
 c - a +2 hat (worn)
 m - a +2 robe of fire resistance (worn)
Jewellery
 o - an uncursed ring of fire
 H - a ring of stealth (left hand)
 N - a +2 amulet of reflection
 U - an amulet of guardian spirit (around neck)
 W - a ring of protection from cold (right hand)
Wands
 B - a wand of confusion (33/48)
 I - a wand of paralysis (16/24)
 Y - a wand of paralysis (14/24)
Scrolls
 g - 4 scrolls of recharging
 j - 2 scrolls of magic mapping
 t - a scroll of blinking
 v - 7 scrolls of amnesia
 x - 6 scrolls of teleportation
 y - 12 scrolls of remove curse
 z - 6 scrolls of identify
 D - 2 scrolls of enchant armour
 Q - 2 scrolls of fog
 T - a scroll of immolation
Potions
 b - 2 potions of haste
 i - 2 potions of lignification
 r - 5 potions of brilliance
 u - a potion of invisibility
 w - 2 potions of berserk rage
 C - a potion of cancellation
 G - a potion of magic
 O - 2 potions of agility
 R - 4 potions of curing
 S - 6 potions of flight
Books
 A - a book of Flames

   Spells                             Type                      Level
   a - Flame Tongue                   Conjuration/Fire             1
   b - Throw Flame                    Conjuration/Fire             2
   c - Conjure Flame                  Conjuration/Fire             3
   d - Inner Flame                    Hexes/Fire                   3
   e - Sticky Flame                   Conjuration/Fire             4
   f - Fireball                       Conjuration/Fire             5
 E - a book of Cantrips

   Spells                             Type                      Level
   a - Confusing Touch                Hexes                        1
   b - Animate Skeleton               Necromancy                   1
   c - Summon Small Mammal            Summoning                    1
   d - Apportation                    Translocation                1
 J - a book of Transfigurations

   Spells                             Type                      Level
   a - Irradiate                      Conjuration/Transmutation    5
   b - Statue Form                    Transmutation/Earth          6
   c - Hydra Form                     Transmutation                6
   d - Dragon Form                    Transmutation                7
 P - a book of Debilitation

   Spells                             Type                      Level
   a - Corona                         Hexes                        1
   b - Slow                           Hexes                        2
   c - Gell's Gravitas                Hexes/Translocation          3
   d - Inner Flame                    Hexes/Fire                   3
   e - Cause Fear                     Hexes                        4
   f - Leda's Liquefaction            Hexes/Earth                  4
Miscellaneous
 L - a lightning rod (inert)
Comestibles
 f - 11 bread rations


   Skills:
 - Level 10.0 Fighting
 * Level 11.1 Long Blades
 - Level 2.0 Throwing
 * Level 22.0 Dodging


You had 11 spell levels left.
You knew the following spells:

 Your Spells              Type           Power        Failure   Level  Hunger
a - Apportation           Tloc           #.....       38%         1    ##.....


Dungeon Overview and Level Annotations

Branches:
Dungeon (13/15)            Temple (1/1) D:5            Lair (6/6) D:11
  Swamp (0/4) Lair:2        Snake (0/4) Lair:4        Slime (0/5) Lair:6
    Orc (0/2) D:12
 Vaults: D:13-14

Altars:
Ashenzari
Dithmenos
Elyvilon
Fedhas
Gozag
Hepliaklqana
Nemelex Xobeh
Okawaru
Ru
Sif Muna
Trog
Xom
Zin
Jiyva

Shops:
D:7 (   D:9 (   D:11 }   Lair:4 (

Annotations:
D:11 exclusion: 2 oklob plants


Innate Abilities, Weirdness & Mutations

You are very small and have problems with some larger weapons.
You are too small for most types of armour.
You have supernaturally acute eyesight. (SInv)
You are a herbivore.
You cover ground extremely quickly.
You need consume almost no food.


Message History

You hit the dire elephant.
The dire elephant is severely wounded.
The dire elephant completely misses you. x2
You hit the dire elephant.
The dire elephant is severely wounded.
You hit the dire elephant but do no damage.
The dire elephant trumpets!
The dire elephant is severely wounded.
The dire elephant looks more healthy.
You completely miss the dire elephant.
The dire elephant is severely wounded.
You catch the helpless dire elephant completely off-guard!
You hit the dire elephant but do no damage.
The dire elephant is severely wounded.
The dire elephant completely misses you. x2
You slash the dire elephant!
The dire elephant is severely wounded.
The dire elephant tramples you!!
You die...
Your body crumbles into a pile of gold.

...P..#.#........................
....P###....#............#.#.....
#)#.P##P...............#######...
P.P.####..........P...## ####..
....#.####.P.....#...)######.....
........##♣....PP....PP.P...#....
...........♣.........P...........
.......♣########Y''########♣.....
#♣....###.((....@.........###....
#♣♣♣##...#####8.⌠.8#####...###♣♣
##...###.≈###.#### $
######.≈≈≈≈#....## #≈≈≈≈.####P..
+≈≈≈≈.#8.#### +≈≈≈..'.....#
##≈≈.##8....# #### ####''#


You could see a dire elephant.

Vanquished Creatures
  2 dire elephants (Lair:6)
  Erolcha (D:10)
  Harold (Lair:4)
  A hydra (Lair:5)
  An anaconda (Lair:6)
  A catoblepas (Lair:5)
  A two-headed ogre (D:9)
  3 death yaks (Lair:5)
  An unseen horror (D:12)
  Pikel (D:5)
  3 cyclopes
  2 manticores
  5 black mambas
  A torpor snail (Lair:4)
  A rime drake (Lair:4)
  13 spiny frogs
  2 centaur skeletons
  11 komodo dragons
  3 meliai (D:9)
  3 trolls
  Grinder (D:5)
  5 hippogriffs
  A raiju (shapeshifter) (D:13)
  A hornet (D:9)
  14 blink frogs
  Prince Ribbit (D:9)
  2 slime creatures
  2 basilisks (Lair:6)
  37 yaks
  A hungry ghost (D:12)
  A steam dragon (Lair:4)
  3 nagas (Lair:4)
  10 porcupines
  13 water moccasins
  A sky beast (D:10)
  2 phantoms
  3 black bears
  6 orc warriors
  3 ogres
  5 centaurs
  23 wolves
  3 ice beasts
  15 crocodiles
  A gnoll sergeant (D:10)
  13 bullfrogs
  3 scorpions
  9 wights
  3 howler monkeys
  An electric eel (Lair:2)
  A crimson imp (D:8)
  8 jellies
  A quasit (D:8)
  2 centaur zombies
  10 orc priests
  5 hounds
  16 orc wizards
  Terence (D:2)
  4 iguanas
  4 hell rats (Lair:3)
  5 worker ants
  4 gnolls (D:10)
  10 adders
  2 shadow imps
  12 oozes
  2 adder zombies
  A worm (D:3)
  3 dart slugs
  7 leopard geckos
  41 orcs
  A ball python (D:3)
  13 giant cockroaches
  11 goblins
  4 hobgoblins
  7 quokkas
  A ball python skeleton (D:4)
  12 bats
  4 frilled lizards
  A kobold (D:1)
  A quokka skeleton (D:6)
  A quokka zombie (D:6)
  7 rats
  A fungus (Lair:3)
  4 plants
447 creatures vanquished.

Vanquished Creatures (others)
  A manticore (D:13)
  A black bear (D:12)
  31 fungi
  7 plants
40 creatures vanquished.

Grand Total: 487 creatures vanquished

Notes
Turn   | Place    | Note
-------+----------+-------------------------------------------
     0 | D:1      | Chiseanne the Spriggan Gladiator began the quest for the Orb.
     0 | D:1      | Reached XP level 1. HP: 10/10 MP: 2/2
   209 | D:1      | Reached XP level 2. HP: 15/15 MP: 3/3
   475 | D:1      | Reached skill level 5 in Dodging
   955 | D:2      | Reached XP level 3. HP: 15/18 MP: 4/4
  1088 | D:2      | Noticed Terence
  1110 | D:2      | Killed Terence
  1392 | D:2      | Found a white marble altar of Elyvilon.
  1425 | D:2      | Found an iron altar of Okawaru.
  1677 | D:3      | Reached XP level 4. HP: 23/23 MP: 5/5
  1792 | D:3      | Reached skill level 6 in Dodging
  2527 | D:4      | Reached XP level 5. HP: 15/28 MP: 6/6
  3050 | D:4      | Reached skill level 7 in Dodging
  3724 | D:5      | Entered Level 5 of the Dungeon
  3746 | D:5      | Found a staircase to the Ecumenical Temple.
  3753 | Temple   | Entered the Ecumenical Temple
  3860 | Temple   | Became a worshipper of Gozag Ym Sagoz the Greedy
  3891 | D:5      | Reached XP level 6. HP: 32/33 MP: 7/7
  3976 | D:5      | Found a glowing drain.
  4001 | Sewer    | Entered a sewer
  4197 | D:5      | Reached skill level 8 in Dodging
  4231 | D:5      | Noticed a slave
  4342 | D:5      | Noticed an ice beast
  4355 | D:5      | Killed an ice beast
  4355 | D:5      | Reached XP level 7. HP: 16/38 MP: 8/8
  4565 | D:5      | Found a deep blue altar of Sif Muna.
  4567 | D:5      | Noticed Pikel
  4568 | D:5      | Noticed Grinder
  4587 | D:5      | Killed Pikel
  4587 | D:5      | Reached skill level 5 in Fighting
  4587 | D:5      | Reached skill level 10 in Dodging
  4587 | D:5      | Reached XP level 8. HP: 32/44 MP: 9/9
  4598 | D:5      | Killed Grinder
  4818 | D:5      | Reached skill level 11 in Dodging
  5345 | D:6      | Noticed a slime creature
  5590 | D:6      | Killed a slime creature
  5645 | D:6      | Found a sparkling altar of Nemelex Xobeh.
  5876 | D:6      | Reached skill level 12 in Dodging
  6011 | D:6      | Reached XP level 9. HP: 50/50 MP: 10/10
  6388 | D:7      | Found an iron altar of Okawaru.
  6388 | D:7      | Found a shimmering altar of Xom.
  6411 | D:7      | Noticed a troll
  6450 | D:7      | Found a shattered altar of Ashenzari.
  6645 | D:7      | Killed a troll
  6645 | D:7      | Reached skill level 13 in Dodging
  7692 | D:8      | Found a deep blue altar of Sif Muna.
  8059 | D:8      | Reached skill level 14 in Dodging
  8450 | D:9      | Noticed a two-headed ogre
  8468 | D:9      | Killed a two-headed ogre
  8468 | D:9      | Reached XP level 10. HP: 26/58 MP: 11/11
  9076 | D:9      | Noticed Prince Ribbit
  9086 | D:9      | Killed Prince Ribbit
  9135 | D:9      | Reached skill level 15 in Dodging
  9675 | D:9      | Bought 3 curare-tipped needles for 21 gold pieces
 10295 | D:10     | Entered Level 10 of the Dungeon
 10534 | D:10     | Reached skill level 10 in Fighting
 10534 | D:10     | Reached skill level 16 in Dodging
 10937 | D:10     | Noticed Erolcha
 10967 | D:10     | Killed Erolcha
 11042 | D:10     | Reached XP level 11. HP: 55/63 MP: 12/12
 11579 | D:10     | Found a blossoming altar of Fedhas.
 11797 | D:11     | Found Pufath's Gadget Emporium.
 11860 | D:11     | Reached skill level 17 in Dodging
 12004 | D:11     | Noticed an oklob plant
 12008 | D:11     | Found a staircase to the Lair.
 12483 | D:11     | Noticed an oklob plant
 12523 | D:11     | Reached skill level 5 in Long Blades
 12743 | D:11     | You fall through a shaft for 2 floors!
 12785 | D:13     | Noticed a two-headed ogre
 12785 | D:13     | Noticed a two-headed ogre
 13045 | D:13     | Noticed a vault guard
 13563 | D:12     | Noticed an unseen horror
 13573 | D:12     | Killed an unseen horror
 13630 | D:12     | Found a staircase to the Orcish Mines.
 14122 | Lair:1   | Entered Level 1 of the Lair of Beasts
 14139 | Lair:1   | Reached skill level 18 in Dodging
 14254 | Lair:1   | HP: 3/94 [porcupine's spines (14)]
 14811 | Lair:1   | Reached XP level 12. HP: 67/67 MP: 13/13
 15618 | Lair:2   | Found a labyrinth entrance.
 15840 | Lair:2   | Reached skill level 19 in Dodging
 16046 | Lair:2   | Found a staircase to the Swamp.
 18137 | Lair:3   | Reached skill level 20 in Dodging
 19027 | Lair:4   | Found a staircase to the Snake Pit.
 19189 | Lair:4   | Noticed Harold
 19205 | Lair:4   | Reached XP level 13. HP: 50/72 MP: 9/14
 19209 | Lair:4   | Killed Harold
 19872 | Lair:4   | Learned a level 1 spell: Apportation
 20079 | Lair:5   | You fall through a shaft!
 20079 | Lair:6   | Entered Level 6 of the Lair of Beasts
 20079 | Lair:6   | Found a viscous altar of Jiyva.
 20079 | Lair:6   | Found a staircase to the Slime Pits.
 20407 | Lair:5   | Reached skill level 10 in Long Blades
 20810 | Lair:5   | Reached skill level 21 in Dodging
 22865 | Lair:6   | Noticed a dire elephant
 22882 | Lair:6   | Killed a dire elephant
 23043 | Lair:6   | Noticed a dire elephant
 23077 | Lair:6   | Killed a dire elephant
 23077 | Lair:6   | Reached skill level 22 in Dodging
 23136 | Lair:6   | Noticed a dire elephant
 23160 | Lair:6   | Slain by a dire elephant

Vault maps used:
D:1:      doesnt_arrival_eight_statues
D:2:      elyvilon_altar_4, serial_forest, infiniplex_forest_straight_1,
          infiniplex_forest_clump_medium, infiniplex_forest_end_1,
          infiniplex_forest_clump_curved, infiniplex_forest_straight_3,
          infiniplex_forest_end_1, infiniplex_forest_clump_small,
          infiniplex_forest_lined_room_2, kennysheep_okawaru_gauntlet,
          uniq_terence
D:3:      nicolae_overflow_hidden_temple
D:4:      minivault_5, grunt_decor_cap, kennysheep_generic_room_5
D:5:      kennysheep_mini_moat, minmay_temple_entry_trees, gup_sewer_entry_pipe,
          first_bread, uniq_grinder, uniq_pikel
D:6:      lemuel_slime, nemelex_xobeh_ov_fountains_minmay,
          minmay_misc_feat_cross, nicolae_water_bricks
D:7:      gammafunk_temple_overflow_wave, basic_altar
D:8:      basic_altar
D:9:      grunt_ogre_cave, uniq_prince_ribbit1
D:10:     st_stairs_9, fedhas_altar_2, uniq_erolcha
D:11:     dpeg_oklobed_lair, serial_shops, shop_statue
D:12:     minmay_orc_entry_temple_small
D:13:     grunt_vaults_entry_fortified, lemuel_flamethrower_hall
Temple:   minmay_temple_curvy_branch
Lair:1:   serial_bayou_shore_b
Lair:2:   beast_lair_carwin_large_2, swamp_mist_pool, lab_entry_generic,
          grunt_megastairs_1
Lair:3:   hangedman_lair_generics_rect
Lair:4:   minmay_snake_entry_guardpost_small, minivault_23, uniq_harold
Lair:5:   beast_lair_carwin_large_3, grunt_megastairs_2, serial_bayou_shore_a
Lair:6:   due_jungle_book, dpeg_slime_entry_enclosed_altar
Sewer:    sewer_big_baddie

Skill      XL: |  1  2  3  4  5  6  7  8  9 10 11 12 13 |
---------------+----------------------------------------+-----
Fighting       | 2 3 4 5 7 9 10 | 10.0
Dodging        | 5 6 7 8 10 12 14 16 18 20 22 | 22.0
Long Blades    | 3 7 9 11 | 11.1
Throwing       | |  2.0

Action                   |  1- 3 |  4- 6 |  7- 9 | 10-12 | 13-15 || total
-------------------------+-------+-------+-------+-------+-------++-------
Melee: Long sword        |    68 |   125 |   302 |   764 |   354 ||  1613
       Falchion          |       |       |       |       |     7 ||     7
Throw: Throwing net      |     2 |       |       |       |       ||     2
       Tomahawk          |       |       |    10 |     7 |     4 ||    21
Invok: Call Merchant     |       |       |     1 |     1 |     1 ||     3
       Potion Petition   |       |       |       |     4 |       ||     4
Evoke: Wand              |       |       |    20 |    23 |       ||    43
       Lightning rod     |       |       |       |     2 |     6 ||     8
  Use: Scroll            |     9 |    16 |     4 |    15 |     2 ||    46
       Potion            |       |     1 |     3 |     9 |     7 ||    20
 Stab: Sleeping          |     3 |     3 |     3 |     5 |     3 ||    17
       Held in net/web   |     2 |       |       |       |       ||     2
       Paralysed         |       |       |     9 |     6 |       ||    15
       Distracted        |       |       |     1 |     6 |     2 ||     9
       Confused          |       |       |       |     5 |       ||     5
       Invisible         |       |       |       |     8 |     5 ||    13
       Petrified         |       |       |       |       |     1 ||     1
  Eat: Royal jelly       |       |     1 |       |     2 |     1 ||     4
       Bread ration      |       |       |     1 |     1 |       ||     2
       Fruit             |       |       |       |     4 |     2 ||     6
Armor: Robe              |     5 |    15 |    27 |    35 |    13 ||    95
       Skin              |       |       |       |    25 |       ||    25
Dodge: Dodged            |    60 |   143 |   369 |   987 |   429 ||  1988
Block: Other             |       |       |       |    12 |       ||    12
       Rpst.: Long sword |    18 |    61 |   114 |   274 |   129 ||   596
       Falchion          |       |       |       |       |     4 ||     4
